AoeStats
← rukas

African Clearing

510856284Analyzed
4v4 RM · 22h ago on Oct 2, 2026· 37m 34s· 8 players
Game mode
Random Map
Map size
Large (8 player)
Population
200
Speed
Normal
Resources
Standard
Victory
Conquest
Starting age
Dark Age
Ending age
Imperial Age
RankedLock teamsTeams togetherTeam positionsShared explorationLock speedFull tech treeHidden civsTurbo modeCheats
Victory
Defeat
🇳🇿 Khmer · New Zealand
1237
+13
🇹🇷 Dravidians · Türkiye
1206
+14
🇨🇳 Malians · China
1192
+15
🇲🇽 Muisca · Mexico
1166
+16
🇸🇪 Italians · Sweden
1223
-17
🇦🇷 Hindustanis · Argentina
1169
-15
🇧🇷 Berbers · Brazil
1152
-14
🇸🇪 Varangians · Sweden
1112
-12
NikoNikoNiiUwUQueen
13:39 Feudal Age
14:55 Loom
15:12 Double-Bit Axe
17:38 Castle Age
16:21 Champi Runner
17:54 Horse Collar
18:40 Squires
18:42 Champi Warrior
20:20 Padded Archer Armor
20:23 Scale Mail Armor
22:34 Chain Mail Armor
26:16 Wheelbarrow
28:36 Forging
Yellowping
5:34 Loom
13:41 Feudal Age
15:14 Town Watch
17:59 Castle Age
16:03 Double-Bit Axe
16:10 Stone Mining
17:54 Gold Mining
17:44 Horse Collar
19:23 Wheelbarrow
20:43 Scale Mail Armor
20:54 Forging
22:13 Squires
22:40 Arson
29:29 Gambesons
31:57 Fletching
32:22 Chain Mail Armor
rukas
12:42 Feudal Age
15:41 Castle Age
13:49 Double-Bit Axe
15:57 Loom
30:16 Stone Mining
30:38 Town Watch
31:29 Wheelbarrow
31:01 Horse Collar
38:12 Imperial Age
36:09 Gold Mining
37:39 Gold Shaft Mining
38:22 Bloodlines
38:12 Husbandry
HajimiManbo
15:08 Feudal Age
20:57 Castle Age
19:38 Fletching
22:05 Loom
25:02 Bodkin Arrow
Halola
4:53 Loom
12:57 Feudal Age
14:27 Double-Bit Axe
17:11 Gold Mining
17:53 Fletching
24:31 Castle Age
23:25 Padded Archer Armor
24:32 Crossbowman
25:45 Bodkin Arrow
31:20 Wheelbarrow
32:20 Ballistics
36:35 Leather Archer Armor
Ubba
3:11 Loom
12:25 Feudal Age
14:30 Double-Bit Axe
21:07 Castle Age
20:18 Bloodlines
21:04 Forging
33:34 Horse Collar
34:03 Town Watch
34:24 Fletching
36:09 Wheelbarrow
38:01 Iron Casting
CABRA_MACHO
4:46 Loom
14:25 Feudal Age
14:52 Double-Bit Axe
19:53 Castle Age
21:23 Bow Saw
22:12 Forging
23:54 Horse Collar
29:28 Scale Barding Armor
30:56 Wheelbarrow
30:32 Heavy Plow
31:51 Bloodlines
32:29 Husbandry
33:42 Chain Barding Armor
33:58 Iron Casting
34:35 Hand Cart
35:20 Light Cavalry
36:01 Fletching
40:33 Imperial Age
Sebastian
8:29 Loom
14:24 Feudal Age
15:18 Double-Bit Axe
20:20 Castle Age
19:22 Scale Barding Armor
19:28 Forging
19:00 Horse Collar
19:40 Bloodlines
21:38 Bow Saw
23:19 Husbandry
Connection lost

Rejoining the realm…

Still unreachable

The connection could not be restored.

Session expired

The server has moved on; the page needs a fresh start.